Cogmind - Beta 15 @@@ ROGUE MODE // 2025.09.23 @ 21:06:06 Player: beans Result: Destroyed by C-40 Crusher with Compactor Performance ------------- Evolutions (3) 1500 Regions Visited (7) 1400 Robots Destroyed (41) 205 Value Destroyed (663) 663 Prototype IDs (28) 560 Alien Tech Used (0) 0 Bonus (333) 333 TOTAL SCORE: 4661 Bonus ------- Follower Combat Kills 33 Aligned with FarCom 300 Cogmind --------- Core Integrity 0/700 Matter 145/300 Energy 100/100 System Corruption 0% Temperature Cool (0) Movement Core (50) Location -7/Waste Parts ------- > --- POWER (2) -------- (None) > --- PROPULSION (6) --- (None) > --- UTILITY (3) ------ (None) > --- WEAPON (2) ------- (None) > --- INVENTORY (5) ---- Fusion Reactor Experimental Sensor Array Supersonic Drone Bay (1/1) Tiamat Missile Launcher Peak State ------------ > --- POWER ------------ Improved Ion Engine Light Nuclear Core > --- PROPULSION ------- Aerolev Unit Aerolev Unit Aerolev Unit > --- UTILITY ---------- Compact Matter Pod Hardened Heavy Armor Plating > --- WEAPON ----------- Autogun Flak Gun > --- INVENTORY -------- Experimental Sensor Array Propulsion Shielding Supersonic Drone Bay Grenade Launcher [Rating: 35] Favorites ----------- Power Ion Engine Engine Ion Engine Power Core Light Nuclear Core Propulsion Flight Unit Treads Light Treads Hover Unit Aerolev Unit Flight Unit Flight Unit Utility Targeting Computer Device Experimental Sensor Array Storage Compact Matter Pod Processor Targeting Computer Protection Hardened Heavy Armor Plating Weapon Assault Rifle Energy Gun Small Laser Ballistic Gun Assault Rifle Launcher Grenade Launcher Build | -11 -10 -10 -10 -9 -8 -7 -7 ------- Run | Yrd Mat Min Exi Min Mat Fac Was Slots Evolved 6 | . . . . . 4 2 . Power 1 | . . . . . 1 . . Propulsion 4 | . . . . . 2 2 . Utility 1 | . . . . . 1 . . Weapon . | . . . . . . . . Parts Attached 28 | 6 5 4 . . 10 2 1 Power 3 | 1 . . . . 2 . . Engine 2 | 1 . . . . 1 . . Core 1 | . . . . . 1 . . Reactor . | . . . . . . . . Propulsion 10 | 2 2 2 . . 4 . . Treads 2 | 2 . . . . . . . Leg . | . . . . . . . . Wheel . | . . . . . . . . Hover 3 | . . . . . 3 . . Flight 5 | . 2 2 . . 1 . . Utility 5 | . 2 . . . 2 1 . Device 1 | . . . . . 1 . . Storage 1 | . . . . . . 1 . Processor 2 | . 2 . . . . . . Hackware . | . . . . . . . . Protection 1 | . . . . . 1 . . Artifact . | . . . . . . . . Weapon 10 | 3 1 2 . . 2 1 1 Energy Gun 2 | 2 . . . . . . . Energy Cannon . | . . . . . . . . Ballistic Gun 5 | 1 1 1 . . 1 1 . Ballistic Cannon . | . . . . . . . . Launcher 3 | . . 1 . . 1 . 1 Special Weapon . | . . . . . . . . Impact Weapon . | . . . . . . . . Slashing Weapon . | . . . . . . . . Piercing Weapon . | . . . . . . . . Special Melee Weapon . | . . . . . . . . Unidentified Prototypes 3 | . . . . . 2 . 1 Parts Lost 16 | . . 4 . . 6 4 2 Power 2 | . . . . . 1 1 . Propulsion 8 | . . 2 . . 3 2 1 Utility 2 | . . . . . 2 . . Weapon 4 | . . 2 . . . 1 1 Highest Loss Streak 5 | . . 2 . . 5 4 1 To Critical Strikes . | . . . . . . . . Average Backups 3 | . 1 4 5 5 4 4 4 Power . | . . . . . . . . Propulsion . | . . 1 1 1 . . . Utility 2 | . . 1 3 4 4 3 2 Weapon . | . . 1 . . . 1 1 Tool/Special . | . . . . . . . . Unused Backups 3 | . . . . . . 1 2 Power 1 | . . . . . . . 1 Propulsion . | . . . . . . . . Utility 2 | . . . . . . 1 1 Weapon . | . . . . . . . . Tool/Special . | . . . . . . . . Average Slot Usage (%) 70 | . 78 95 85 85 61 50 19 Engine 10 | . 14 14 14 14 6 6 2 Treads 2 | . 12 . . . . . . Hover 4 | . . . . . 18 17 6 Flight 15 | . 11 27 28 28 6 . . Storage 1 | . . . . . . 4 6 Processor 15 | . 10 28 28 28 8 . . Energy Gun 2 | . 10 . . . . . . Ballistic Gun 11 | . 17 20 . . 4 11 2 Launcher 4 | . . 3 14 14 8 1 1 Peak Build Rating 35 | 5 7 8 8 8 32 35 16 Average Rating 10 | 3 5 7 7 8 21 25 10 On Entrance 10 | . 5 7 7 8 8 32 15 Naked Turns 32 | . . . . . . . 32 Heaviest Build 41 | 8 8 10 8 8 41 41 12 Greatest Support 40 | 40 40 8 8 8 24 24 8 Greatest Overweight (x) 1 | . 1 1 . . 1 1 1 Average Overweight (x) . | . . . . . . . . Largest Inventory Capacity 5 | 5 5 5 5 5 5 5 5 Average Capacity 5 | 5 5 5 5 5 5 5 5 Most Carried 5 | 4 4 5 5 5 5 5 5 Average Carried 3 | . 1 4 4 5 4 4 4 Final Capacity 5 | 5 5 5 5 5 5 5 5 Final Carried 5 | . 4 5 5 5 5 5 4 Class Distribution -------------------- 100% | Mutant Dominant Class ---------------- Mutant | -10/Materials Mutant | -10/Mines Mutant | -10/Exiles Mutant | -9/Mines Mutant | -8/Materials Mutant | -7/Factory Mutant | -7/Waste Resources | -11 -10 -10 -10 -9 -8 -7 -7 ----------- Run | Yrd Mat Min Exi Min Mat Fac Was Matter Collected 914 | 140 213 333 . . 93 135 . Remotely . | . . . . . . . . Salvage Created 1263 | 67 287 330 . . 165 217 197 Parts 84 | 2 30 17 . . 16 14 5 Haulers Intercepted 2 | . 1 . . . 1 . . Recyclers Shooed 3 | . 1 . . . . 2 . Parts Field Recycled . | . . . . . . . . Retrieved Matter . | . . . . . . . . Parts Self-Destructed . | . . . . . . . . Prevented . | . . . . . . . . Kills | -11 -10 -10 -10 -9 -8 -7 -7 ------- Run | Yrd Mat Min Exi Min Mat Fac Was Combat Hostiles Destroyed 29 | . 9 11 . . 3 5 1 Guns 21 | . 9 7 . . . 5 . AOE 8 | . . 4 . . 3 . 1 Classes Destroyed 12 | 1 6 3 . . 1 . 1 Worker 4 | . 3 1 . . . . . Builder 2 | . 1 . . . 1 . . Tunneler 1 | . . 1 . . . . . Hauler 2 | . 1 . . . 1 . . Recycler 3 | 1 . 2 . . . . . Operator 2 | . . . . . 1 1 . Watcher 2 | . 1 . . . 1 . . Swarmer 16 | . 8 4 . . . 4 . Grunt 5 | . 1 . . . 1 3 . Sentry 3 | . . 1 . . 2 . . Compactor 1 | . . . . . . . 1 Assembled 6 | . . 6 . . . . . Best Kill Streak 9 | 1 9 5 . . 6 5 1 Combat Bots Only 5 | . 4 3 . . 2 5 1 Max Kills in Single Turn 2 | 1 2 1 . . 2 2 1 Gunslinging 1 | . 1 . . . . . . Exploded 1 | . . 1 . . 1 . 1 Melee . | . . . . . . . . Uniques/NPCs Destroyed . | . . . . . . . . Combat | -11 -10 -10 -10 -9 -8 -7 -7 -------- Run | Yrd Mat Min Exi Min Mat Fac Was Hostile Shots Fired 163 | . 59 49 . . 8 33 14 Missed 59 | . 24 23 . . 1 11 . Hits 104 | . 35 26 . . 7 22 14 Melee 16 | . . 2 . . . . 14 Projectile 88 | . 35 24 . . 7 22 . AOE 1 | . . 1 . . . . . Critical Strikes 7 | . . . . . 1 1 5 Damage Taken 1932 | . 273 396 . . 224 352 687 Core 997 | . 74 175 . . 41 42 665 Absorbed by Shields . | . . . . . . . . Core Remaining (%) 64 | 100 . . . . 92 . . Volleys Fired 110 | 2 32 37 . . 14 16 9 Largest 2 | 2 2 2 . . 2 2 1 Hottest 60 | 60 60 50 . . 59 59 30 Shots Fired 187 | 4 64 64 . . 16 30 9 Gun 152 | 4 64 54 . . 2 28 . Cannon . | . . . . . . . . Launcher 35 | . . 10 . . 14 2 9 Special . | . . . . . . . . Kinetic 135 | 2 49 54 . . 2 28 . Thermal 17 | 2 15 . . . . . . Explosive 35 | . . 10 . . 14 2 9 Electromagnetic . | . . . . . . . . Robot Hit Streak 8 | 4 7 8 . . 4 5 6 Robot Miss Streak 6 | . 3 3 . . 1 6 . Penetration Max . | . . . . . . . . Secondary Targets 5 | . 2 1 . . . 2 . Max Gunslinging Chain 1 | . 1 1 . . . 1 . Shots Hit Robots 105 | 4 41 33 . . 5 19 3 Core Hits 97 | 2 22 25 . . 15 26 7 Critical Kills 1 | . 1 . . . . . . Critical Parts Destroyed 1 | . . 1 . . . . . Critical Strikes 3 | . 1 1 . . 1 . . Destroy 3 | . 1 1 . . 1 . . Melee Attacks . | . . . . . . . . Impact . | . . . . . . . . Slashing . | . . . . . . . . Piercing . | . . . . . . . . Sneak Attacks . | . . . . . . . . Combat Hostiles . | . . . . . . . . Follow-up Attacks . | . . . . . . . . Damage Inflicted 3039 | 41 469 596 . . 428 448 1057 Guns 1167 | 41 469 351 . . 14 292 . Cannons . | . . . . . . . . Explosions 1847 | . . 245 . . 414 156 1032 Melee . | . . . . . . . . Ramming 25 | . . . . . . . 25 Kinetic 1047 | 21 369 351 . . 14 292 . Thermal 120 | 20 100 . . . . . . Explosive 1847 | . . 245 . . 414 156 1032 Electromagnetic . | . . . . . . . . Impact . | . . . . . . . . Slashing . | . . . . . . . . Piercing . | . . . . . . . . Highest Corruption 2 | . . . . . 2 . . Average Corruption 2 | . . . . . 2 . . Corruption Purged . | . . . . . . . . Corruption Blocked . | . . . . . . . . Effects 1 | . . . . . 1 . . Data Loss (minor) 1 | . . . . . 1 . . Overload Shots . | . . . . . . . . Overflow Damage 32 | . . 3 . . 3 23 3 Projectiles . | . . . . . . . . Explosions 32 | . . 3 . . 3 23 3 Melee . | . . . . . . . . Knockbacks . | . . . . . . . . Impact . | . . . . . . . . Kinetic . | . . . . . . . . Secondary . | . . . . . . . . Self-Inflicted Damage 186 | . . 66 . . 54 31 35 Shots 7 | . . 3 . . 2 1 1 Rammed 2 | . . . . . . . 2 Targets Rammed 2 | . . . . . . . 2 Kicked . | . . . . . . . . Crushed . | . . . . . . . . Highest Temperature 80 | . 26 17 . . 80 76 . Average Temperature 14 | . 5 5 . . 27 28 . Received Heat Transfer 149 | . 12 38 . . 63 36 . Siege Activations . | . . . . . . . . Martial Activations . | . . . . . . . . Shielding Activations . | . . . . . . . . Robots Disrupted . | . . . . . . . . Combat Hostiles . | . . . . . . . . Robots Corrupted . | . . . . . . . . Combat Hostiles . | . . . . . . . . Parts Fried . | . . . . . . . . Impact Corruptions . | . . . . . . . . Robots Melted . | . . . . . . . . Combat Hostiles . | . . . . . . . . Parts Melted . | . . . . . . . . Heat Transferred 275 | 50 225 . . . . . . Parts Sabotaged . | . . . . . . . . Parts Stolen . | . . . . . . . . Parts Stripped . | . . . . . . . . Power Chain Reactions . | . . . . . . . . Alert | -11 -10 -10 -10 -9 -8 -7 -7 ------- Run | Yrd Mat Min Exi Min Mat Fac Was Maximum Alert Level . | . . . . . . . . Low Security (%) 100 | 100 100 100 . 100 100 100 100 Level 1 . | . . . . . . . . Level 2 . | . . . . . . . . Level 3 . | . . . . . . . . Level 4 . | . . . . . . . . Level 5 . | . . . . . . . . High Security . | . . . . . . . . Max Security . | . . . . . . . . Peak Influence 111 | 5 103 80 . . 111 90 24 Initial 39 | . . 39 . . . 36 24 Average 36 | . 41 40 . . 67 58 4 Influence Increases 874 | 5 240 252 . . 201 144 32 Destroy 0b10 Robot/C 460 | . 180 120 . . 60 100 . Destroy 0b10 Robot/NC 80 | 5 30 20 . . 20 5 . Destroy Leader 68 | . 24 10 . . 24 10 . Allied During Kill 16 | . . 6 . . 10 . . Successful Hack 11 | . 5 6 . . . . . Destroy Structure 194 | . 1 60 . . 87 14 32 Partial Spotted 30 | . . 15 . . . 15 . Lose Combat Pursuer 15 | . . 15 . . . . . Influence Decreases 874 | 5 140 327 25 . 120 155 102 Entered New Map 177 | . . 61 25 . . 45 46 Time Decay 528 | 5 140 206 . . 60 70 47 Lost Part 145 | . . 40 . . 60 40 5 Lost Ally 24 | . . 20 . . . . 4 Squads Dispatched 1 | . . . . . 1 . . Investigation . | . . . . . . . . Extermination . | . . . . . . . . Reinforcement 1 | . . . . . 1 . . Assault . | . . . . . . . . Garrison . | . . . . . . . . Intercept . | . . . . . . . . Searches Triggered . | . . . . . . . . Construction Impeded 1 | . . . . . 1 . . Haulers Reinforced . | . . . . . . . . Active Scanning Responses . | . . . . . . . . Cargo Convoy Interrupts . | . . . . . . . . Stealth | -11 -10 -10 -10 -9 -8 -7 -7 --------- Run | Yrd Mat Min Exi Min Mat Fac Was Distress Signals 3 | . 1 . . . 1 1 . Communications Jammed . | . . . . . . . . Distress Signals . | . . . . . . . . Times Spotted 69 | . 14 35 . . 5 9 6 Peak Tracking Total 22 | . 6 22 . . 2 6 6 Tactical Retreats 5 | . . 5 . . . . . Traps | -11 -10 -10 -10 -9 -8 -7 -7 ------- Run | Yrd Mat Min Exi Min Mat Fac Was Traps Triggered 2 | . . . . . . 2 . Indirectly . | . . . . . . . . Trap Hack Attempts . | . . . . . . . . Triggered . | . . . . . . . . Disarmed . | . . . . . . . . Reprogrammed . | . . . . . . . . Reused . | . . . . . . . . Traps Extracted . | . . . . . . . . Installed . | . . . . . . . . Triggered . | . . . . . . . . Machines | -11 -10 -10 -10 -9 -8 -7 -7 ---------- Run | Yrd Mat Min Exi Min Mat Fac Was Machines Disabled . | . . . . . . . . Max in Single Turn . | . . . . . . . . Machines Repaired . | . . . . . . . . Machines Dismantled . | . . . . . . . . Machines Sabotaged . | . . . . . . . . Overloaded Fab Kills . | . . . . . . . . Hacking | -11 -10 -10 -10 -9 -8 -7 -7 --------- Run | Yrd Mat Min Exi Min Mat Fac Was Machines Accessed 4 | . 2 1 1 . . . . Terminals 3 | . 2 1 . . . . . Fabricators . | . . . . . . . . Repair Stations . | . . . . . . . . Recycling Units . | . . . . . . . . Scanalyzers . | . . . . . . . . Garrison Access . | . . . . . . . . Total Hacks 8 | . 4 3 1 . . . . Successful 5 | . 2 2 1 . . . . Failed 3 | . 2 1 . . . . . Catastrophic . | . . . . . . . . Database Lockouts . | . . . . . . . . Manual 5 | . 1 3 1 . . . . Terminals 7 | . 4 3 . . . . . Fabricators . | . . . . . . . . Repair Stations . | . . . . . . . . Recycling Units . | . . . . . . . . Scanalyzers . | . . . . . . . . Garrison Access . | . . . . . . . . Terminal Hacks 3 | . 2 . 1 . . . . Prototype ID Bank 1 | . 1 . . . . . . Reinforcement Status 1 | . 1 . . . . . . Proto ID Catalog 1 | . . . 1 . . . . Fabricator Hacks . | . . . . . . . . Repair Station Hacks . | . . . . . . . . Recycling Unit Hacks . | . . . . . . . . Scanalyzer . | . . . . . . . . Garrison Access Hacks . | . . . . . . . . Unauthorized Hacks 2 | . . 2 . . . . . Terminals 2 | . . 2 . . . . . Track 1 | . . 1 . . . . . Operators 1 | . . 1 . . . . . Fabricators . | . . . . . . . . Repair Stations . | . . . . . . . . Recycling Units . | . . . . . . . . Scanalyzers . | . . . . . . . . Garrison Access . | . . . . . . . . Data Cores Recovered 1 | . . . . . . 1 . Used . | . . . . . . . . Hacking Detections 3 | . 2 1 . . . . . Full Trace Events 1 | . 1 . . . . . . Feedback Events . | . . . . . . . . Feedback Blocked . | . . . . . . . . Robot Schematics Acquired . | . . . . . . . . Robots Built . | . . . . . . . . Authchips . | . . . . . . . . Time . | . . . . . . . . Total Robot Build Rating . | . . . . . . . . Part Schematics Acquired . | . . . . . . . . Parts Built . | . . . . . . . . Authchips . | . . . . . . . . Time . | . . . . . . . . Total Part Build Rating . | . . . . . . . . Parts Repaired . | . . . . . . . . Time . | . . . . . . . . Parts Recycled . | . . . . . . . . Recycled Matter . | . . . . . . . . Retrieved Matter . | . . . . . . . . Retrieved Components . | . . . . . . . . Parts Scanalyzed . | . . . . . . . . Part Schematics Acquired . | . . . . . . . . Parts Damaged . | . . . . . . . . Bothacking | -11 -10 -10 -10 -9 -8 -7 -7 ------------ Run | Yrd Mat Min Exi Min Mat Fac Was Used RIF Installer . | . . . . . . . . Robots Hacked . | . . . . . . . . Non-combat . | . . . . . . . . Combat . | . . . . . . . . Robot Hacks Applied . | . . . . . . . . Relay Couplers Released . | . . . . . . . . Fabnet Peak Effective % . | . . . . . . . . Robots Rewired . | . . . . . . . . Allies Hacked . | . . . . . . . . Hacks Repelled . | . . . . . . . . Allies | -11 -10 -10 -10 -9 -8 -7 -7 -------- Run | Yrd Mat Min Exi Min Mat Fac Was Total Allies 4 | . . 3 . . . . 1 Largest Group 3 | . . 3 2 2 2 . 1 Highest-Rated Group 40 | . . 40 32 32 32 . 31 Highest-Rated Ally 31 | . . 16 16 16 16 . 31 Total Orders . | . . . . . . . . Ally Attacks 24 | . . 14 . . 1 2 7 Total Damage 205 | . . 103 . . . . 102 Kills 2 | . . 2 . . . . . Allies Corrupted . | . . . . . . . . Allies Melted . | . . . . . . . . Intel | -11 -10 -10 -10 -9 -8 -7 -7 ------- Run | Yrd Mat Min Exi Min Mat Fac Was Active Infowar (turns) 1 | . . . . . 1 . . Sensors 1 | . . . . . 1 . . Robot Analysis Total . | . . . . . . . . Derelict Logs Recovered 2 | . . 2 . . . . . Drone Launches . | . . . . . . . . Drone Recoveries . | . . . . . . . . Exploration | -11 -10 -10 -10 -9 -8 -7 -7 ------------- Run | Yrd Mat Min Exi Min Mat Fac Was Turns Passed 1537 | 64 304 432 208 16 121 147 245 Spaces Moved 1719 | 36 206 683 293 11 115 118 257 Core 22 | 10 . . . . 2 . 10 Treads 82 | 26 56 . . . . . . Legs . | . . . . . . . . Wheels . | . . . . . . . . Hover 452 | . . . . . 87 118 247 Flight 1163 | . 150 683 293 11 26 . . Fastest Speed 34 | 50 37 37 37 37 34 42 50 Average Speed 54 | 129 95 37 37 37 54 76 63 Slowest Speed 160 | 160 160 120 37 37 102 110 110 Overloaded Moves . | . . . . . . . . Propulsion Burnouts . | . . . . . . . . Robots Hopped 1 | . . 1 . . . . . Potential Cave-ins 4 | . . . . . . . 4 Cave-ins Triggered 1 | . . . . . 1 . . Exploration Rate (%) 39 | 4 36 95 70 11 13 5 85 Regions Visited 7 Branch Regions 3 Pre-discovered Areas 2 | . . 2 . . . . . Known Exits Taken . | . . . . . . . . Unknown Exits Taken 6 | 1 1 1 1 1 1 . . Scrap Searched 1 | . . 1 . . . . . Spaces Dug 39 | . . 16 . . 10 8 5 Terrain Destroyed 231 | . . 73 . . 99 13 46 Melee . | . . . . . . . . Projectile . | . . . . . . . . AOE 231 | . . 73 . . 99 13 46 Terrain Rammed . | . . . . . . . . Walls Destroyed . | . . . . . . . . Machines Disabled . | . . . . . . . . Actions | -11 -10 -10 -10 -9 -8 -7 -7 --------- Run | Yrd Mat Min Exi Min Mat Fac Was Total 2148 | 50 251 797 392 22 156 149 331 Wait 244 | . . 62 98 12 12 5 55 Move 1711 | 35 205 680 292 10 114 118 257 Hop 1 | . . 1 . . . . . Pick Up 27 | 6 7 7 1 . 4 . 2 Fast Attach 9 | . . . . . 4 4 1 Attach 21 | 6 3 5 . . 6 1 . Detach 4 | . . 1 . . 2 1 . Swap 6 | . 3 1 . . . 1 1 Drop 13 | 1 1 3 1 . . 3 4 Fire 110 | 2 32 37 . . 14 16 9 Melee . | . . . . . . . . Ram 2 | . . . . . . . 2 Kick . | . . . . . . . . Crush . | . . . . . . . . Escape Stasis . | . . . . . . . . Rewire . | . . . . . . . . Trap . | . . . . . . . . Miscellaneous . | . . . . . . . . Route ------- -11/Scrapyard -10/Materials -10/Mines (discovered 3 exits: [*Mat x2] / *Exi) -10/Exiles -9/Mines -8/Materials -7/Factory -7/Waste (discovered 1 exit: [*Fac]) History --------- Turn | Location | Event 6 | -11/Scrapyard | Discovered new exit (range 16) 65 | -11/Scrapyard | Entered Materials 309 | -10/Materials | Build established: Mutant 357 | -10/Materials | Discovered new exit (range 12) 369 | -10/Materials | Entered Mines 415 | -10/Mines | Discovered new exit (range 8) 436 | -10/Mines | Assembled infested the area 538 | -10/Mines | Found a damaged Exp. Sensor Array with a note attached 540 | -10/Mines | Found Prototype Device 548 | -10/Mines | Assisted by bots powering up and referring to "LRC-V3" 567 | -10/Mines | Learned location of Storage (-7) 570 | -10/Mines | Learned location of Zion (-6) 574 | -10/Mines | Discovered new exit (range 8) 596 | -10/Mines | Core integrity fell below 50% 703 | -10/Mines | Core integrity fell below 20% 756 | -10/Mines | Deemed a non-threat by the Exiles lab entrance 756 | -10/Mines | Discovered new exit (range 5) 801 | -10/Mines | Entered Exiles 801 | -10/Exiles | Accompanied by 2 allies 810 | -10/Exiles | Met 8R-AWN 817 | -10/Exiles | Met EX-HEX 829 | -10/Exiles | Met EX-BIN 833 | -10/Exiles | Aligned with FarCom system 833 | -10/Exiles | Given EX-Vault access code 842 | -10/Exiles | Opened EX-Vault 846 | -10/Exiles | Found Supersonic Drone Bay 854 | -10/Exiles | Warned to stay clear of 0b10 Research branches 891 | -10/Exiles | Met EX-DEC 959 | -10/Exiles | Discovered new exit (range 10) 1009 | -10/Exiles | Left Exiles lab with Supersonic Drone Bay 1009 | -10/Exiles | Entered Mines 1009 | -9/Mines | Accompanied by 2 allies 1011 | -9/Mines | Discovered new exit (range 9) 1025 | -9/Mines | Entered Materials 1025 | -8/Materials | Accompanied by 2 allies 1025 | -8/Materials | Evolved 4 slots: Power x1, Propulsion x2, Utility x1 1026 | -8/Materials | Identified Exp. Sensor Array 1051 | -8/Materials | Crushed by falling debris 1082 | -8/Materials | Lost 5 parts (1p3n1u) 1122 | -8/Materials | Discovered new exit (range 15) 1146 | -8/Materials | Entered Factory 1146 | -7/Factory | Accompanied by 2 allies 1146 | -7/Factory | Evolved 2 slots: Propulsion x2 1147 | -7/Factory | Identified exit to Storage 1288 | -7/Factory | Lost 4 parts (1p2n1w) 1293 | -7/Factory | Sucked down chute 1293 | -7/Factory | Entered Waste 1294 | -7/Waste | Met a frightened Derelict 1331 | -7/Waste | Spotted C-40 Crusher 1350 | -7/Waste | Spotted C-40 Crusher 1352 | -7/Waste | Spotted C-40 Crusher 1355 | -7/Waste | Spotted C-40 Crusher 1361 | -7/Waste | Spotted C-40 Crusher 1385 | -7/Waste | Destroyed C-40 Crusher 1386 | -7/Waste | Spotted C-40 Crusher 1469 | -7/Waste | Discovered new exit (range 15) 1506 | -7/Waste | Crushed by Compactor (1 part destroyed, 1 dropped) 1528 | -7/Waste | Core integrity fell below 50% 1534 | -7/Waste | Core integrity fell below 20% 1538 | -7/Waste | Destroyed by C-40 Crusher with Compactor Last Messages --------------- Beamcaster crushed. Dropped Imp. Ion Engine. C-40 Crusher destroyed. Antimatter Reactor crushed. The unstable cave ceiling collapses. C-40 Crusher crushed by falling debris. Grenade Launcher destroyed. Destroyed Grenade Launcher. EXIT=FOUND Acquired Prototype Launcher. Identified Tiamat Missile Launcher. Dropped Broken Tiamat Missile Launcher. Dropped Flak Gun. Acquired Broken Tiamat Missile Launcher. Dropped Hrd. Heavy Armor Plating. Acquired Prototype Reactor. Aerolev Unit crushed. Com. Matter Pod crushed. Imp. Point Defense System crushed. Slammed into C-40 Crusher. Map ----- +----------------------------------------------------+ | #??????# #??????# #???????????????????? | | #??????# #??????# ????????????????????? | | #??????# #??????# ?????????????????????? | | #??????# #??????# #?????????????????????? | | #??????# #??????# #??############???????? | | #??????# #??????# #??# #???????? | | #??????# #??????# #??# #???????? | | ######## ######## #### #???????? | | ! #???????? | | " [ #???????? | | < #???????? | | #???????? | | ######## ######## #### #???????? | | # #????# #??????# #??# #???????? | | #????# #??????# #??# = #???????? | | #????# #??????# #??############???????? | | # #????# #??????# ###???????????????????? | | #????# #??????# #???????????????????? | | #????# #??????# #???????????????????? | | ##????# #??????# CC #???????????????????? | | ##?????# #??????# CC #???????????????????? | | #??????# #??????#CCCC###???????????????????? | | #??????# #??????#CCCC#?????????????????????? | | #??????# #??????#CCCC#?????????????????????? | | #??????# #??????#CCCC#?????????????????????? | | #??????# #??????# @ #?????????????????????? | | ####?????? ??????######?????????????????????? | | ????????? ?????????????????????????????????? | | ????????# ????????????????????????????????? | | ????????# ????????????????????????????????? | | ????????# #???????????????????????????????? | | ????????# #???????????????????????????????? | | ????????# #???????????????????????????????? | | ????????# #???????????????????????????????? | | ????????##########???????????????????????????????? | | ?????????????????????????????????????????????????? | | ?????????????????????????????????????????????????? | | ?????????????????????????????????????????????????? | | ?????????????????????????????????????????????????? | | ?????????????????????????????????????????????????? | | ?????????????????????????????????????????????????? | | ?????????????????????????????????????????????????? | | ?????????????????????????????????????????????????? | | ?????????????????????????????????????????????????? | | ?????????????????????????????????????????????????? | | ?????????????????????????????????????????????????? | | ?????????????????????????????????????????????????? | | ?????????????????????????????????????????????????? | | ?????????????????????????????????????????????????? | | ?????????????????????????????????????????????????? | +----------------------------------------------------+ Best States ------------- Heat Dissipation 34 Energy Generation 21 Energy Capacity 325 Matter Stores 300 Matter Capacity 450 Sight Range 16 Terrain Scan Density 10 Armor Coverage 600 Evasion (%) 63 Targeting Accuracy 10 Recoil Reduction 2 Item Schematics ----------------- None Robot Schematics ------------------ None Fabricated ------------ Nothing Repaired ---------- Nothing Alien Tech Used ----------------- None Achievements -------------- None Challenges ------------ None Game ------ Seed LauncherLinkedKatana Manual? 0 Play Time 00:18:23 Cumulative 158.4 hours Start 2025.09.23 @ 20:50:25 End 2025.09.23 @ 21:06:06 Sessions 1 Manual Loads 0 Difficulty Rogue Special Mode None Game No. 512 Rogue 511 Adventurer 1 Explorer 0 Win Type - Total 0 Types 0/0/0/0/0/0/0/0/0/0 Lore% 56 Gallery% 53 Achievement% 42 Wizard Run 0 Options --------- Layout 1 ASCII 0 Keyboard 0 Movement Mouse Keybinds 0 Fullscreen 2 Font 24/Smallcaps Map View 50x35 Zoom Use 0% Tactical HUD 0 Map Filters NONE Filters NONE Steam 1 RUN: c0e1a7ba-79be-4cf2-bd53-9d2f95bb590f